 Dungeon Crawl Stone Soup version 0.19-a0-1875-g4fea3da (webtiles) character file.

260590 dvd the Peltast (level 19, -14/177 HPs)
             Began as a Deep Dwarf Fighter on Oct 10, 2016.
             Was the Champion of Makhleb.
             Demolished by a titanic slime creature (75 damage)
             ... on level 15 of the Dungeon on Oct 14, 2016.
             The game lasted 03:28:25 (39516 turns).

dvd the Peltast (Deep Dwarf Fighter)               Turns: 39516, Time: 03:28:26

Health: -14/177    AC: 24    Str: 25    XL:     19   Next: 56%
Magic:  24/24      EV: 15    Int: 16    God:    Makhleb [******]
Gold:   1370       SH: 16    Dex: 16    Spells: 2 memorised, 21 levels left

rFire  + . .     SeeInvis +     a - +10 falchion "Ozucveil" {flame, *Noise rC+ MR+}
rCold  + . .     Gourm    .     P - +1 plate armour {rPois}
rNeg   + . .     Faith    .     o - +0 shield {rF+}
rPois  +         Spirit   .     y - +1 hat {SInv}
rElec  +         Dismiss  .     B - +2 cloak {+Inv}
rCorr  .         Reflect  .     m - +0 pair of gloves
MR     +++..     Harm     .     (no boots)
Stlth  ..........               F - amulet of Doubts {+Blink +Rage Str+2 Int+5}
                                W - ring of see invisible
                                C - ring of the Octopus King {Wiz AC+1 EV+1 Str+1 Int+1 Dex+1}

@: non-regenerating
A: damage resistance, recharge devices, clumsy 1, negative energy resistance 1,
sense surroundings 3, electricity resistance, slow regeneration 3, subdued magic
1
a: Device Recharging, Minor Destruction, Lesser Servant of Makhleb, Major
Destruction, Greater Servant of Makhleb, Renounce Religion, Evoke Blink, Evoke
Berserk Rage, Evoke Invisibility
}: 1/15 runes: gossamer


You were on level 15 of the Dungeon.
You worshipped Makhleb.
Makhleb was exalted by your worship.
You were not hungry.

You visited 7 branches of the dungeon, and saw 33 of its levels.
You also visited: Labyrinth and Ice Cave.

You collected 2961 gold pieces.
You spent 1591 gold pieces at shops.

Inventory:

Hand Weapons
 a - the +10 falchion "Ozucveil" (weapon) {flame, *Noise rC+ MR+}
   (You bought it in a shop on level 1 of the Orcish Mines)

   It has been specially enchanted to burn those struck by it, causing extra
   injury to most foes and up to half again as much damage against particularly
   susceptible opponents.
   Big, fiery blades are also staple armaments of hydra-hunters.
   It protects you from cold.
   It affects your resistance to hostile enchantments.
   It may make noises in combat.
 v - a +3 demon blade of draining
 R - the +1 hunting sling of Obboru {venom, +Blink rF++ Dex+3}
   (You found it in a labyrinth)

   It poisons the ammo it fires.
   It affects your dexterity (+3).
   It greatly protects you from fire.
   It lets you blink.
Armour
 d - a +2 chain mail of cold resistance
 m - a +0 pair of gloves (worn)
 o - a +0 shield of fire resistance (worn)
 r - the +1 scale mail of the Mind {rN++ rCorr}
   (You bought it in a shop on level 12 of the Dungeon)

   It greatly protects you from negative energy.
   It protects you from acid and corrosion.
 y - a +1 hat of see invisible (worn)
 B - a +2 cloak of invisibility (worn)
 H - a +2 helmet
 P - a +1 plate armour of poison resistance (worn)
Rods
 t - a +2 rod of shadows (13/13)
   (You took it off a minotaur in a labyrinth)
Jewellery
 c - a +4 ring of strength
 C - a ring of the Octopus King (left hand) {Wiz AC+1 EV+1 Str+1 Int+1 Dex+1}
   (You took it off a minotaur in a labyrinth)

   [ring of wizardry]

   It improves your spell success rate.
   It affects your AC (+1).
   It affects your evasion (+1).
   It affects your strength (+1).
   It affects your intelligence (+1).
   It affects your dexterity (+1).
 F - the amulet of Doubts (around neck) {+Blink +Rage Str+2 Int+5}
   (You found it on level 5 of the Dungeon)

   [amulet of rage]

   It affects your strength (+2).
   It affects your intelligence (+5).
   It lets you blink.
   It lets you go berserk.
 S - the amulet of Wicsio {Gourm rElec Str+4}
   (You found it on level 6 of the Lair of Beasts)

   [amulet of the gourmand]

   It allows you to eat raw meat even when not hungry.
   It affects your strength (+4).
   It insulates you from electricity.
 W - a ring of see invisible (right hand)
Wands
 i - a wand of iceblast (10/15)
 u - a wand of heal wounds (5/9)
 E - a wand of confusion (22/48)
 J - a wand of teleportation (3/9)
 O - a wand of paralysis (14/24)
 U - a wand of acid (8/15)
 Y - a wand of disintegration (4/24)
 Z - a wand of lightning (12/15)
Scrolls
 e - 2 scrolls of magic mapping
 p - 7 scrolls of amnesia
 s - a scroll of teleportation
 w - a scroll of recharging
 D - 10 scrolls of identify
 T - 9 scrolls of remove curse
 V - a scroll of blinking
Potions
 j - 2 potions of cancellation
 x - 3 potions of brilliance
 z - 3 potions of flight
 A - 11 potions of curing
 G - 2 potions of agility
 I - a potion of might
 M - 2 potions of magic
 Q - a potion of invisibility
 X - 4 potions of heal wounds
Books
 b - a book of Air

   Spells                             Type                      Level
   a - Shock                          Conjuration/Air              1
   b - Swiftness                      Charms/Air                   2
   c - Repel Missiles                 Charms/Air                   2
   d - Static Discharge               Conjuration/Air              3
   e - Lightning Bolt                 Conjuration/Air              5
 k - a book of Power

   Spells                             Type                      Level
   a - Fulminant Prism                Conjuration/Hexes            4
   b - Iskenderun's Mystic Blast      Conjuration                  4
   c - Venom Bolt                     Conjuration/Poison           5
   d - Bolt of Magma                  Conjuration/Fire/Earth       5
   e - Iron Shot                      Conjuration/Earth            6
   f - Orb of Destruction             Conjuration                  7
   g - Spellforged Servitor           Conjuration/Summoning        7
 K - the Almanac of the Entourage
   (You found it on level 1 of the Elven Halls)

   Spells                             Type                      Level
   a - Summon Butterflies             Summoning                    1
   b - Recall                         Summoning/Translocation      3
   c - Summon Demon                   Summoning                    5
   d - Summon Hydra                   Summoning                    7
Miscellaneous
 g - a box of beasts
 N - a phial of floods (inert)
Comestibles
 f - 13 bread rations
 h - 32 fruits
 l - 6 beef jerkies
 n - 3 chunks of flesh
 q - 13 meat rations
 L - a royal jelly


   Skills:
 + Level 12.8 Fighting
 * Level 17.9 Long Blades
   Level 3.8 Axes
 + Level 14.0 Armour
 + Level 10.4 Dodging
 + Level 6.2 Stealth
 + Level 20.0 Shields
 + Level 3.0 Spellcasting
 + Level 3.1 Charms
 + Level 3.4 Summonings
 + Level 1.0 Air Magic
 + Level 10.6 Invocations
 + Level 7.9 Evocations


You had 21 spell levels left.
You knew the following spells:

 Your Spells              Type           Power        Failure   Level  Hunger
a - Repel Missiles        Chrm/Air       #.....       56%         2    ##.....
b - Summon Butterflies    Summ           ##......     14%         1    #......


Dungeon Overview and Level Annotations

Branches:
Dungeon (15/15)            Temple (1/1) D:5            Lair (6/6) D:10
 Shoals (0/4) Lair:2       Spider (4/4) Lair:4        Slime (0/5) Lair:5
    Orc (2/2) D:10            Elf (3/3) Orc:2        Vaults (2/5) D:13
  Crypt (0/3) Vaults:2
 Depths: D:15

Altars:
Ashenzari
Cheibriados
Dithmenos
Elyvilon
Fedhas
Gozag
Hepliaklqana
Kikubaaqudgha
Makhleb
Nemelex Xobeh
Okawaru
Qazlal
Ru
Sif Muna
Trog
Uskayaw
Vehumet
Xom
Yredelemnul
Zin
The Shining One
Jiyva

Shops:
D:4 !   D:5 }   D:10 [   D:12 *   D:13 *   Orc:1 (   Orc:2 ?}![   Elf:2 *

Portals:
Pandemonium: Orc:2


Innate Abilities, Weirdness & Mutations

You are resistant to damage.
You can recharge devices by infusing magical energy.
You resist negative energy. (rN+)
You passively map a large area around you.
You do not regenerate.
You are clumsy. (Dex -2)
You are resistant to electric shocks. (rElec)
Your spells are a little easier to cast, but a little less powerful.


Message History

Your falchion "Ozucveil" cheers you on.
The titanic slime creature is severely wounded.
You hear a shout!
You catch the helpless titanic slime creature completely off-guard!
You slice the titanic slime creature!! You burn the titanic slime creature!
The titanic slime creature is almost dead.
You slice the titanic slime creature!! You burn the titanic slime creature!
The titanic slime creature is almost dead.
You slash the titanic slime creature! You burn the titanic slime creature.
The titanic slime creature is almost dead.
You completely miss the titanic slime creature.
The titanic slime creature is almost dead.
The titanic slime creature seems less confused.
The titanic slime creature hits you!!!
Your plate armour prevents you from hitting the titanic slime creature.
The titanic slime creature is almost dead.
You slash the titanic slime creature! You burn the titanic slime creature.
The titanic slime creature is almost dead.
The titanic slime creature hits you!!!!
You die...

, , ######## ## *
,,......#
##########....,, * ,
....).# #.............,,
*,
,......#####..J..........
,, , ,,
...........@.......... ,,
, * #....................
, ,
#)#.#..#............., ,
#..).................,
##..##..........$...., *
#..###......))...(..
#...######))##......, ,
#........)#))#......
#.........##)#,.....,


You could see a titanic slime creature.

Vanquished Creatures
  Arachne (Spider:3)
  A lich (Vaults:2)
  Gastronok (Lair:1)
  Agnes (D:15)
  Kirke (Lair:4)
  A fire giant (Vaults:1)
  6 ghost moths
  Louise (Spider:2)
  7 vault wardens
  6 emperor scorpions
  4 ironheart preservers
  A stone giant (Vaults:2)
  Nessos (Orc:2)
  2 very ugly things (Vaults:1)
  5 entropy weavers
  2 deep elf annihilators (Elf:3)
  2 deep elf demonologists
  A spark wasp (Spider:4)
  Snorg (Lair:4)
  A deep elf death mage (Vaults:2)
  An eidolon (Vaults:2)
  A blizzard demon (IceCv)
  A minotaur (Lab)
  2 fire dragons (Vaults:1)
  A deep elf high priest (Elf:2)
  7 vault guards
  The ghost of Graouh the Carver, a journeyman MiFi of Okawaru (D:11)
  A great orb of eyes (Vaults:1)
  5 yaktaur captains
  3 rakshasas
  9 hydras
  2 ice dragons
  The ghost of Television the Slicer, a journeyman HaTm of Ashenzari (D:14)
  3 catoblepae (Lair:6)
  3 ogre magi (Vaults:1)
  A death knight (Vaults:2)
  19 dancing weapons
  5 centaur warriors
  18 death yaks
  5 orc high priests (Orc:2)
  Nergalle (Lair:3)
  13 deep elf knights
  2 shadow wraiths
  A soul eater (Orc:2)
  A gelid demonspawn (Orc:2)
  A glowing orange brain (Vaults:2)
  3 wizards
  5 unseen horrors
  A torturous demonspawn (Orc:2)
  An unseen horror (shapeshifter) (Elf:2)
  A swamp dragon (shapeshifter) (Vaults:2)
  11 slime creatures
  An infernal demonspawn (Orc:2)
  4 hill giants
  12 deep elf archers
  A lindwurm (Lair:6)
  5 ironbrand convokers
  10 orc knights
  12 orb spiders
  A necromancer (Vaults:1)
  2 manticores
  An oklob plant (Lair:4)
  37 wolf spiders
  44 deep elf magi
  17 ugly things
  7 orc sorcerers
  A siren (Lair:2)
  7 cyclopes
  3 centaur zombies
  A rust devil (Orc:2)
  2 moths of wrath
  7 vault sentinels
  13 spiny frogs
  4 black mambas
  2 torpor snails
  3 ice statues
  A smoke demon (Orc:2)
  A gargoyle (D:14)
  2 freezing wraiths (Vaults:2)
  A rime drake (Lair:2)
  8 komodo dragons
  14 ice devils (IceCv)
  9 yaktaurs
  A kobold demonologist (D:14)
  A red devil (Orc:2)
  2 hellwings (Orc:2)
  20 demonic crawlers
  9 meliai
  A queen bee (D:8)
  3 merfolk (Lair:2)
  A meliai (shapeshifter) (Vaults:2)
  6 trolls
  The ghost of Nuatha the Covert, a novice SpAs of Gozag (D:5)
  6 polar bears
  Prince Ribbit (Lair:2)
  31 jumping spiders
  5 two-headed ogres
  13 hornets
  10 hippogriffs
  15 blink frogs
  A shadow (D:15)
  73 redbacks
  36 tarantellas
  A water elemental (D:14)
  4 air elementals
  A vampire (D:15)
  62 yaks
  4 wraiths
  A fire elemental (Elf:2)
  A hog (shapeshifter) (Vaults:1)
  A hog (Lair:4)
  3 wyverns
  2 steam dragons (D:10)
  A yaktaur simulacrum (Vaults:2)
  12 vampire mosquitoes
  A basilisk (D:12)
  2 hungry ghosts
  Grum (D:11)
  A human simulacrum (Vaults:1)
  4 wargs
  Edmund (D:6)
  3 swamp worms (Lair:4)
  4 mottled dragons
  Menkaure (D:4)
  A soldier ant (D:15)
  9 water moccasins
  A deep troll skeleton (Vaults:1)
  A hornet zombie (D:10)
  Duvessa (D:5)
  3 phantoms
  6 porcupines
  5 sky beasts
  A black bear (D:11)
  38 orc warriors
  7 ice beasts
  An eye of draining (D:9)
  18 wolves
  26 ogres
  26 centaurs
  3 boggarts (Vaults:1)
  19 crocodiles
  An orc skeleton (Vaults:1)
  10 big kobolds
  9 bullfrogs
  A gnoll sergeant (D:9)
  An ogre simulacrum (Vaults:1)
  2 earth elementals (Elf:1)
  Dowan (D:5)
  A wyvern zombie (D:11)
  3 scorpions
  15 killer bees
  4 wights
  2 electric eels
  8 howler monkeys
  8 crimson imps
  A quasit (D:8)
  A bullfrog zombie (D:12)
  8 hounds
  4 jellies
  2 bullfrog skeletons
  3 centaur skeletons
  25 orc priests
  18 orc wizards
  Jessica (D:2)
  6 iguanas
  5 worker ants
  A hound zombie (D:4)
  2 worker ant zombies
  2 howler monkey zombies
  4 gnolls
  12 adders
  7 shadow imps
  6 white imps
  10 ufetubi (IceCv)
  2 oozes
  2 adder skeletons
  An adder zombie (D:6)
  16 worms (Lair:4)
  4 dart slugs
  An adder simulacrum (D:8)
  9 leopard geckos
  73 orcs
  3 bats
  4 giant cockroaches
  7 goblins
  6 hobgoblins
  5 jackals
  18 kobolds
  8 quokkas
  A ball python (D:3)
  5 frilled lizards
  A leopard gecko skeleton (D:6)
  A quokka skeleton (D:4)
  2 rats
1275 creatures vanquished.

Vanquished Creatures (collateral kills)
  An emperor scorpion (Spider:4)
  2 entropy weavers (Spider:3)
  A yaktaur captain (Vaults:1)
  2 dancing weapons
  An orc high priest (Orc:2)
  3 deep elf knights
  A deep elf archer (Elf:3)
  A gelid demonspawn (Orc:2)
  2 orb spiders (Spider:4)
  3 deep elf magi
  2 demonic crawlers (Spider:4)
  A kobold demonologist (Orc:1)
  5 jumping spiders
  A two-headed ogre (Orc:1)
  A hornet (Spider:4)
  An air elemental (Elf:1)
  5 redbacks
  2 tarantellas
  4 orc warriors
  12 big kobolds (Orc:1)
  An earth elemental (Elf:1)
  A killer bee (D:8)
  An electric eel (Spider:1)
  3 orc priests
  6 orc wizards
  10 orcs
73 creatures vanquished.

Vanquished Creatures (others)
  An ogre mage (Vaults:1)
  A human (Lair:4)
  2 ufetubi (IceCv)
  An orc (Vaults:2)
  8 fungi
  17 plants
30 creatures vanquished.

Grand Total: 1378 creatures vanquished

Notes
Turn   | Place    | Note
-------+----------+-------------------------------------------
     0 | D:1      | dvd the Deep Dwarf Fighter began the quest for the Orb.
     0 | D:1      | Reached XP level 1. HP: 20/20 MP: 1/1
   217 | D:1      | Reached XP level 2. HP: 17/27 MP: 2/2
   643 | D:2      | Noticed Jessica
   658 | D:2      | Killed Jessica
   658 | D:2      | Reached XP level 3. HP: 24/34 MP: 3/3
   755 | D:2      | Reached skill level 4 in Shields
   755 | D:2      | Reached XP level 4. HP: 20/42 MP: 4/4
   936 | D:2      | Found a white marble altar of Elyvilon.
  1190 | D:2      | Found a snail-covered altar of Cheibriados.
  1382 | D:3      | Found an iron altar of Okawaru.
  1416 | D:3      | Reached XP level 5. HP: 28/49 MP: 5/5
  2072 | D:3      | Found a shimmering altar of Xom.
  2193 | D:3      | Reached skill level 1 in Long Blades
  2193 | D:3      | Reached skill level 1 in Dodging
  2397 | D:3      | Reached skill level 1 in Evocations
  2561 | D:4      | Reached XP level 6. HP: 36/56 MP: 6/6
  2626 | D:4      | Found Wesiarea's Distillery.
  2633 | D:4      | Found a burning altar of Makhleb.
  2635 | D:4      | Bought a potion of curing for 30 gold pieces
  2641 | D:4      | Became a worshipper of Makhleb the Destroyer
  2866 | D:4      | Found a bloodstained altar of Trog.
  2879 | D:4      | Reached skill level 1 in Stealth
  2953 | D:4      | Noticed Menkaure
  2962 | D:4      | HP: 1/56 [Menkaure (11)]
  2964 | D:4      | Killed Menkaure
  2964 | D:4      | Reached skill level 5 in Shields
  2964 | D:4      | Reached XP level 7. HP: 33/62 MP: 8/8
  3593 | D:4      | Bought a potion of heal wounds for 50 gold pieces
  3593 | D:4      | Bought a potion of heal wounds for 50 gold pieces
  3593 | D:4      | Bought a potion of heal wounds for 50 gold pieces
  3632 | D:5      | Entered Level 5 of the Dungeon
  3667 | D:5      | Reached skill level 5 in Armour
  3765 | D:5      | Found a staircase to the Ecumenical Temple.
  3785 | Temple   | Entered the Ecumenical Temple
  3889 | D:5      | Noticed Nuatha's ghost (novice SpAs)
  3915 | D:5      | Killed Nuatha's ghost
  3915 | D:5      | Reached XP level 8. HP: 50/70 MP: 9/9
  3980 | D:5      | Reached skill level 6 in Shields
  4058 | D:5      | Found Upurow's Gadget Shop.
  4302 | D:5      | Got a scorched jade amulet
  4303 | D:5      | Identified the amulet of Doubts {+Blink +Rage Str+2 Int+5} (You found it on level 5 of the Dungeon)
  4407 | D:5      | Noticed Dowan
  4411 | D:5      | Noticed Duvessa
  4420 | D:5      | Killed Duvessa
  4420 | D:5      | Reached * piety under Makhleb
  4420 | D:5      | Reached skill level 5 in Long Blades
  4421 | D:5      | Killed Dowan
  4943 | D:6      | Noticed Edmund
  4959 | D:6      | Killed Edmund
  5121 | D:6      | Gained mutation: You passively map the area around you. [Deep Dwarf growth]
  5121 | D:6      | Reached XP level 9. HP: 39/78 MP: 11/11
  5251 | D:6      | Reached skill level 7 in Shields
  5781 | D:6      | Found a shattered altar of Ashenzari.
  6904 | D:7      | Reached ** piety under Makhleb
  6904 | D:7      | Reached skill level 8 in Shields
  7244 | D:8      | Noticed a polar bear
  7249 | D:8      | Noticed a polar bear
  7255 | D:8      | Killed a polar bear
  7255 | D:8      | Reached XP level 10. HP: 84/87 MP: 13/13
  7259 | D:8      | Reached skill level 1 in Invocations
  7313 | D:7      | Reached skill level 5 in Fighting
  7322 | D:7      | Reached skill level 5 in Dodging
  7681 | D:8      | Reached skill level 9 in Shields
  7845 | D:4      | Bought a potion of curing for 30 gold pieces
  7845 | D:4      | Bought a potion of curing for 30 gold pieces
  7845 | D:4      | Bought a potion of curing for 30 gold pieces
  7845 | D:4      | Bought a potion of ambrosia for 80 gold pieces
  7845 | D:4      | Bought a potion of curing for 30 gold pieces
  8108 | D:8      | Reached skill level 5 in Evocations
  8428 | D:8      | Reached *** piety under Makhleb
  8769 | D:8      | Gained mutation: Your mind is acute. (Int +2) [potion of beneficial mutation]
  9022 | D:9      | Paralysed by a hornet for 3 turns
  9339 | D:9      | Reached XP level 11. HP: 81/96 MP: 14/14
  9453 | D:10     | Entered Level 10 of the Dungeon
  9559 | D:10     | Lost mutation: Your mind is acute. (Int +2) [potion of cure mutation]
  9633 | D:10     | Killed an unseen horror
  9694 | D:10     | Found a staircase to the Orcish Mines.
  9694 | D:10     | Found Kyrex's Armour Shop.
  9713 | D:10     | Reached **** piety under Makhleb
  9842 | D:10     | Noticed a hill giant
  9851 | D:10     | Killed a hill giant
  9851 | D:10     | Reached skill level 10 in Shields
 10215 | D:10     | Found a staircase to the Lair.
 10525 | Orc:1    | Entered Level 1 of the Orcish Mines
 10714 | Orc:1    | Noticed an orc knight
 10736 | Orc:1    | Reached skill level 10 in Long Blades
 10746 | Orc:1    | Killed an orc knight
 11056 | Orc:2    | Entered Level 2 of the Orcish Mines
 11090 | D:10     | Bought a +2 scale mail of cold resistance for 273 gold pieces
 11169 | Orc:2    | Noticed an orc knight
 11200 | Orc:2    | Killed an orc knight
 11298 | Orc:2    | Found a labyrinth entrance.
 11306 | Lab      | Entered a labyrinth
 11553 | Lab      | Noticed a minotaur
 11574 | Lab      | Killed a minotaur
 11574 | Lab      | Reached skill level 11 in Shields
 11576 | Lab      | Got a ring of the Octopus King
 11581 | Lab      | Identified a ring of the Octopus King {Wiz AC+1 EV+1 Str+1 Int+1 Dex+1} (You took it off a minotaur in a labyrinth)
 11584 | Lab      | Identified the Reference Book on the Volcanoes
 11586 | Lab      | Got a smoking hunting sling
 11586 | Lab      | Got a twisted falchion
 11587 | Lab      | Identified the +1 hunting sling of Obboru {venom, +Blink rF++ Dex+3} (You found it in a labyrinth)
 11588 | Lab      | Identified the cursed +3 falchion of Unreason {slice, Int+2} (You found it in a labyrinth)
 11679 | Orc:1    | Found Zitec's Antique Weapon Shop.
 11679 | Orc:1    | Noticed an orc sorcerer
 11680 | Orc:1    | Noticed a sun demon
 11696 | Orc:2    | Killed an orc sorcerer
 11817 | Orc:2    | Reached XP level 12. HP: 73/106 MP: 14/14
 11923 | Orc:2    | Noticed Nessos
 11947 | Orc:2    | Killed Nessos
 12210 | Orc:2    | Reached skill level 5 in Invocations
 12541 | Orc:1    | Bought a transparent falchion for 240 gold pieces
 12541 | Orc:1    | Identified the +10 falchion "Ozucveil" {flame, *Noise rC+ MR+} (You bought it in a shop on level 1 of the Orcish Mines)
 12778 | Lair:1   | Entered Level 1 of the Lair of Beasts
 12795 | Lair:1   | Noticed an eight-headed hydra
 12807 | Lair:1   | Killed a three-headed hydra
 12906 | Lair:1   | Identified a +2 rod of shadows (13/13) (You took it off a minotaur in a labyrinth)
 13128 | Lair:1   | Noticed Gastronok
 13146 | Lair:1   | Killed Gastronok
 13146 | Lair:1   | Reached ***** piety under Makhleb
 13347 | Lair:1   | Found a shimmering altar of Xom.
 14000 | Lair:2   | Found a staircase to the Shoals.
 14172 | Lair:2   | Noticed Prince Ribbit
 14203 | Lair:2   | Killed Prince Ribbit
 14352 | Lair:2   | Reached skill level 12 in Shields
 14521 | Lair:3   | Noticed a death yak
 14523 | Lair:3   | Noticed a death yak
 14523 | Lair:3   | Noticed a death yak
 14535 | Lair:3   | Killed a death yak
 14560 | Lair:3   | Killed a death yak
 14560 | Lair:3   | Reached XP level 13. HP: 115/115 MP: 16/16
 14585 | Lair:3   | Noticed Nergalle
 14600 | Lair:3   | Killed Nergalle
 14803 | Lair:3   | Identified Geuc's Guide on Attacks
 15602 | Lair:4   | Noticed Kirke
 15613 | Lair:4   | Killed Kirke
 15677 | Lair:4   | Noticed Snorg
 15692 | Lair:4   | Killed Snorg
 15768 | Lair:4   | Found a hole to the Spider Nest.
 15922 | Lair:4   | Reached skill level 13 in Shields
 16486 | Lair:5   | Found a viscous altar of Jiyva.
 16486 | Lair:5   | Found a staircase to the Slime Pits.
 16882 | Lair:5   | Reached ****** piety under Makhleb
 17113 | Lair:5   | Gained mutation: You resist negative energy. (rN+) [Deep Dwarf growth]
 17113 | Lair:5   | Reached XP level 14. HP: 115/126 MP: 17/17
 17512 | Lair:6   | Entered Level 6 of the Lair of Beasts
 17551 | Lair:6   | Reached skill level 10 in Armour
 18574 | Lair:6   | Got a twitching golden amulet
 18576 | Lair:6   | Got a sparkling emerald amulet
 18578 | Lair:6   | Identified the amulet of Nihilism {RegenMP Dex+3} (You found it on level 6 of the Lair of Beasts)
 18580 | Lair:6   | Identified the amulet of Wicsio {Gourm rElec Str+4} (You found it on level 6 of the Lair of Beasts)
 19366 | Orc:2    | Found Iziamoboqa's Magic Scroll Shop.
 19368 | Orc:2    | Found Gyorph's Distillery.
 19403 | Orc:2    | Reached skill level 5 in Stealth
 19706 | Orc:2    | Reached skill level 14 in Shields
 19864 | Orc:2    | Reached XP level 15. HP: 97/136 MP: 18/18
 19895 | Orc:2    | Found Peghejest's Gadget Shoppe.
 19895 | Orc:2    | Found Uhaogoniq's Antique Armour Emporium.
 19895 | Orc:2    | Found a one-way gate leading to the halls of Pandemonium.
 19939 | Orc:2    | Bought a dazzling chain mail for 266 gold pieces
 19949 | Orc:2    | Identified the +4 chain mail "Deamum" {+Inv Dex+3} (You bought it in a shop on level 2 of the Orcish Mines)
 19963 | Orc:2    | Bought a runed helmet for 126 gold pieces
 19978 | Orc:2    | Bought an embroidered cloak for 126 gold pieces
 20048 | Orc:2    | Found a staircase to the Elven Halls.
 20193 | Orc:2    | Upgraded the game from 0.19-a0-1851-g3228ea0 to 0.19-a0-1875-g4fea3da
 20351 | Spider:1 | Entered Level 1 of the Spider Nest
 20459 | Spider:1 | Reached skill level 10 in Fighting
 21307 | Spider:2 | Reached skill level 15 in Shields
 21509 | Spider:2 | Noticed a ghost moth
 21525 | Spider:2 | Killed a ghost moth
 23362 | Spider:3 | Noticed Louise
 23407 | Spider:2 | Killed Louise
 23407 | Spider:2 | Reached XP level 16. HP: 148/148 MP: 21/21
 23795 | Spider:3 | Reached skill level 16 in Shields
 23883 | Spider:3 | Noticed Arachne
 23901 | Spider:3 | Killed Arachne
 23901 | Spider:3 | Reached skill level 15 in Long Blades
 24449 | Spider:4 | Entered Level 4 of the Spider Nest
 24907 | Spider:4 | Gained mutation: You are clumsy. (Dex -2) [potion of mutation]
 24907 | Spider:4 | Gained mutation: You passively map a large area around you. [potion of mutation]
 24907 | Spider:4 | Gained mutation: You are resistant to electric shocks. (rElec) [potion of mutation]
 25125 | Spider:4 | Reached skill level 10 in Invocations
 25234 | Spider:4 | Paralysed by a hornet for 1 turns
 25760 | Spider:3 | Reached skill level 10 in Dodging
 26167 | Spider:4 | Reached skill level 17 in Shields
 26789 | Spider:4 | Reached XP level 17. HP: 93/157 MP: 0/22
 27086 | Spider:4 | Got a gossamer rune of Zot
 27344 | D:11     | Noticed Graouh's ghost (journeyman MiFi)
 27360 | D:11     | Killed Graouh's ghost
 27931 | D:11     | Noticed Grum
 27938 | D:11     | Killed Grum
 28142 | D:12     | Identified a -3 rod of inaccuracy (14/14) (You found it on level 12 of the Dungeon)
 28323 | D:12     | Found Bolu's Assorted Antiques.
 28336 | D:12     | Bought a smelly scale mail for 180 gold pieces
 28346 | D:12     | Identified the cursed +1 scale mail of the Mind {rN++ rCorr} (You bought it in a shop on level 12 of the Dungeon)
 29038 | D:13     | Found Safosho's Superlative Supplies.
 29301 | D:13     | Found a gate to the Vaults.
 30305 | D:14     | Learned a level 2 spell: Repel Missiles
 30399 | D:14     | Noticed Television's ghost (journeyman HaTm)
 30417 | D:14     | Killed Television's ghost
 30838 | D:14     | Found an opulent altar of Gozag.
 31134 | Elf:1    | Entered Level 1 of the Elven Halls
 31143 | Elf:1    | Reached skill level 18 in Shields
 31719 | Elf:1    | Identified the Almanac of the Entourage
 31744 | Elf:1    | Learned a level 1 spell: Summon Butterflies
 32265 | Elf:1    | Reached skill level 1 in Summonings
 32401 | Elf:2    | Got a smelly scale mail
 32529 | Elf:2    | Identified the cursed +1 scale mail "Lunanuth" {rN+} (You found it on level 2 of the Elven Halls)
 32529 | Elf:2    | Identified a scroll of acquirement
 32573 | Elf:2    | Found a runed gate.
 32573 | Elf:2    | Found a runed gate.
 32590 | Elf:2    | Reached skill level 1 in Spellcasting
 32591 | Elf:2    | Found a runed gate.
 32615 | Elf:2    | Found Henn's General Store.
 32763 | Elf:2    | Found a frozen archway.
 32778 | IceCv    | Entered an ice cave
 33004 | IceCv    | Reached skill level 1 in Charms
 33010 | IceCv    | Mutation became permanent: You passively map a large area around you. [Deep Dwarf growth]
 33010 | IceCv    | Reached XP level 18. HP: 168/168 MP: 23/23
 33884 | Elf:2    | Gained mutation: Your spells are a little easier to cast, but a little less powerful. [a neqoxec]
 34423 | Vaults:1 | Entered Level 1 of the Vaults
 34930 | Vaults:1 | HP: 7/168 [vault warden/great mace (19)]
 35318 | Vaults:1 | Reached skill level 19 in Shields
 36077 | Vaults:1 | Reached skill level 1 in Air Magic
 36405 | Vaults:1 | Noticed a golden dragon
 36405 | Vaults:1 | a frost giant changed into a golden dragon
 36408 | Vaults:1 | Noticed an iron giant
 36408 | Vaults:1 | a golden dragon changed into an iron giant
 36415 | Vaults:1 | Noticed a golden dragon
 36415 | Vaults:1 | an iron giant changed into a golden dragon
 36419 | Vaults:1 | a golden dragon changed into a shadow dragon
 36725 | Vaults:2 | Found a staircase to the Crypt.
 36805 | Vaults:2 | Reached XP level 19. HP: 176/176 MP: 23/23
 38966 | Elf:3    | Entered Level 3 of the Elven Halls
 39032 | Elf:3    | Reached skill level 20 in Shields
 39083 | Elf:3    | Found a radiant altar of Vehumet.
 39110 | Elf:3    | HP: 8/177 [deep elf annihilator/iron shot (42)]
 39337 | D:15     | Entered Level 15 of the Dungeon
 39454 | D:15     | Noticed Agnes
 39474 | D:15     | Killed Agnes
 39516 | D:15     | Demolished by a titanic slime creature

Vault maps used:
D:1:      ncdulo_wetmaze
D:2:      marbit_many_paths, elyvilon_altar_4, uniq_jessica
D:3:      led_xom_imps, first_bread, okawaru_altar_gauntlet_db
D:4:      bloody_trog, bloody_makhleb, serial_shops, nicolae_shop_stone,
          solitary_fountain, uniq_menkaure
D:5:      serial_shops, nicolae_shop_stone, uniq_duvessa
D:6:      ashenzari_altar_1, minmay_tree_intersection, uniq_edmund
D:7:      minivault_19
D:8:      serial_ice, serial_ice_b, serial_ice_e, serial_ice_m, serial_ice_o,
          david_nohive_1, kennysheep_cross_bottleneck
D:10:     erik_lair_orcish_takeover, orc_david_3, kennysheep_generic_room_11
D:11:     uniq_grum
D:12:     serial_shops, nicolae_shop_waterfront
D:13:     david_vaults_5, minmay_statues_item, minmay_fountain_box,
          nicolae_alphabet_shops, uniq_sonja
D:14:     nrook_pool_corridor, basic_altar
D:15:     grunt_enter_depths_magical_seal, hangedman_abyss_or_decor_clamps,
          grunt_ministairs_6, uniq_agnes
Temple:   nicolae_temple_no_exploring_needed
Lair:1:   serial_bayou_pond_b, lemuel_centaur_altar, lemuel_fruit_fields,
          uniq_gastronok
Lair:2:   elwin_shoals_entry_stream, uniq_prince_ribbit2
Lair:3:   uniq_nergalle
Lair:4:   spider_nest_entry_web_field, worms_lemuel, grunt_megastairs_4,
          uniq_kirke, uniq_snorg
Lair:5:   slime_altar_1, beast_lair_carwin_1, grunt_megastairs_3
Lair:6:   evilmike_catoblepas_cave
Spider:1: nicolae_spider_circle_web, hangedman_spider_mandibles
Spider:2: einodemon_crawler_minivault
Spider:3: nicolae_arachne_temple, uniq_louise
Spider:4: guppyfry_spider_rune
Orc:1:    serial_shops, shop, special_room
Orc:2:    pf_orc_diabolical, lab_entry_generic, uniq_nessos
Elf:1:    elf_arrival_001, minmay_elf_demonology
Elf:2:    serial_shops, shop, portal_ice_cave_entry_ice_statue_one
Elf:3:    grunt_elf_hall_diamonds, basic_altar, nicolae_trove_entry_diagonal
Vaults:1: ontoclasm_vaults_hangar, nicolae_vaults_big_ls, grunt_vaults_twisty,
          nicolae_vaults_little_squares_3, hangedman_vaults_slither,
          hangedman_vaults_variations, hangedman_vaults_nodes,
          dpeg_vaults_monster_row, vaults_room_pool,
          hangedman_vaults_stretched_pinwheel, nicolae_vaults_specimen_jars,
          v_misc_13, grunt_vaults_hallway_long
Vaults:2: kb_rosetta, minmay_crypt_entry_simple_box,
          nicolae_vaults_mini_display_case, hangedman_vaults_corner, v_misc_29
Lab:      labyrinth_spiral, nicolae_lab_t_cross, nicolae_lab_garden
IceCv:    ice_cave_small_demon

Skill      XL: |  1  2  3  4  5  6  7  8  9 10 11 12 13 14 15 16 17 18 19 |
---------------+----------------------------------------------------------+-----
Fighting       | 3 4 5 6 7 8 9 10 11 12 | 12.8
Axes           | 3 |  3.8
Shields        | 4 5 6 8 9 11 12 13 14 15 17 18 19 20 | 20.0
Armour         | 4 5 6 7 8 9 10 11 12 13 14 | 14.0
Long Blades    | 1 2 4 6 8 9 10 11 13 14 15 16 17 | 17.9
Dodging        | 1 2 3 4 5 6 7 8 9 10 | 10.4
Evocations     | 1 2 4 5 6 7 |  7.9
Stealth        | 1 2 3 4 5 6 |  6.2
Invocations    | 3 4 7 9 10 | 10.6
Summonings     | 2 3 |  3.4
Spellcasting   | 1 3 |  3.0
Charms         | 1 3 |  3.1
Air Magic      | 1 |  1.0

Action                   |  1- 3 |  4- 6 |  7- 9 | 10-12 | 13-15 | 16-18 | 19-21 || total
-------------------------+-------+-------+-------+-------+-------+-------+-------++-------
Melee: War axe           |    84 |    67 |       |     5 |       |       |       ||   156
       Falchion          |       |   299 |   571 |  1398 |  1721 |  2920 |   610 ||  7519
       Flail             |       |       |     1 |       |       |       |       ||     1
 Cast: Repel Missiles    |       |       |       |       |       |     4 |       ||     4
Invok: Minor Destruction |       |       |     8 |    53 |    46 |    13 |       ||   120
       Lesser Servant of |       |       |       |    12 |     8 |    36 |     6 ||    62
       Major Destruction |       |       |       |       |       |     9 |       ||     9
 Abil: Evoke Berserk Rag |       |       |     9 |    17 |     2 |     4 |       ||    32
       Device Recharging |       |       |       |     2 |       |     1 |       ||     3
       Evoke Blink       |       |       |       |     2 |       |       |       ||     2
Evoke: Wand              |     1 |    17 |    17 |    46 |    15 |    32 |     8 ||   136
       Rod               |       |       |       |     2 |       |       |       ||     2
       Box of beasts     |       |       |       |       |       |       |     3 ||     3
       Phial of floods   |       |       |       |       |       |       |     1 ||     1
  Use: Scroll            |       |     7 |     7 |    13 |     8 |    22 |     1 ||    58
       Potion            |       |     1 |     5 |    15 |     8 |    12 |       ||    41
 Stab: Confused          |       |       |       |    15 |     5 |     3 |     4 ||    27
       Distracted        |       |       |       |     2 |     1 |    11 |       ||    14
       Sleeping          |       |       |       |     1 |     1 |       |       ||     2
       Held in net/web   |       |       |       |       |       |     1 |       ||     1
  Eat: Chunk             |       |     8 |    22 |    37 |    37 |    36 |     5 ||   145
       Pizza             |       |       |       |     3 |       |     2 |       ||     5
       Royal jelly       |       |       |       |     3 |     2 |     1 |     2 ||     8
       Beef jerky        |       |       |       |       |       |     1 |       ||     1
Armor: Scale mail        |    47 |   184 |   198 |   466 |   120 |       |       ||  1015
       Ring mail         |       |       |       |    16 |     6 |       |       ||    22
       Plate armour      |       |       |       |       |   370 |  1021 |   147 ||  1538
Dodge: Dodged            |    27 |   133 |   155 |   671 |   620 |  1039 |   143 ||  2788
       Deflected         |       |       |       |       |       |     6 |     2 ||     8
Block: Shield            |    61 |   204 |   275 |   908 |  1104 |  1811 |   386 ||  4749
       Large shield      |       |       |       |       |       |   568 |       ||   568
       Rpst.: Falchion   |       |    33 |    57 |   143 |   134 |   192 |    37 ||   596
